[Event "*** Titled Tuesday Blitz"]
[Site "Chess.com"]
[Date "2020.12.29"]
[Round "3"]
[White "krzyzan94"]
[Black "crescentmoon2411"]
[Result "0-1"]
[WhiteElo "2638"]
[BlackElo "2887"]
[TimeControl "180+1"]
[EndTime "10:30:14 PST"]
[Termination "crescentmoon2411 won on time"]

1. c4 Nf6 2. Nf3 e6 3. g3 d5 4.
Bg2 g6 5. O-O Bg7 6. d3 dxc4 7.
dxc4 Qxd1 8. Rxd1 O-O 9. Nc3 c6 10. Bf4 Nbd7 11. Rac1 Re8 12. Bc7 e5 13. Ng5 Nc5 14. b4 Ne6 15. Nxe6 Bxe6 16. c5 Nd7 17. Ne4 Nf8 18. b5 Bd5 19. Rxd5 cxd5 20. Nd6 Re7 21. b6 axb6 22. cxb6 e4 23. Nxb7 Rxa2 24. Nd6 Rb2 25. Bh3 f5 26. g4 f4 27. g5 f3 28.
exf3 exf3 29. b7 Rxc7 30. Rxc7 Be5 31. Be6+ Nxe6 32. Rc8+ Nf8 33. b8=Q Rxb8 34. Rxb8 Bxd6 35. Rd8 Be7 36. Rxd5 Ne6 37. h4 Nf4 38. Rd7 Kf7 39. Kh2 Ke6 40. Rb7 Ne2 41. Rb3 Bd6+ 42. Kh3 Kf5 43.
Rxf3+ Nf4+ 44. Kh2 Kg4 45. Rb3 Kxh4 46. Rb7 Ne6+ 47. Kg2 Nxg5 48. Rd7 Bf4 49. Rd4 Kg4 50. Ra4 h5 51. Ra3 h4 52. f3+ Kh5 53. Ra5 h3+ 54. Kf2 h2 55. Kg2 Kh6 56. Ra8 Kg7 57. Ra7+ Nf7 58.
Ra4 g5 59. Ra7 Kf6 60. Ra6+ Kf5 61. Ra7 Ne5 62. Rh7 Kg6 63. Rh8 Kg7 64. Ra8 Ng6 65.
Ra7+ Kh6 66. Ra6 Kh5 67. Ra3 Nh4+ 68. Kh1 Nf5 69. Kg2 Kh4 70. Ra8 Ne3+ 71. Kh1 Kg3 72. Rh8 Kxf3 73. Rh3+ Ke4 74. Rh5 g4 75. Re5+ Kf3 0-1

[Event "*** Titled Tuesday Blitz"]
[Site "Chess.com"]
[Date "2020.12.29"]
[Round "3"]
[White "BabyBoss31"]
[Black "theturtlemoves"]
[Result "1/2-1/2"]
[WhiteElo "2206"]
[BlackElo "2359"]
[TimeControl "180+1"]
[EndTime "10:30:17 PST"]
[Termination "Game drawn by repetition"]

1. d4 d5 2. c4 e6 3. Nf3 a6 4. cxd5 exd5 5. Nc3 Nf6 6. Bg5 Be6 7. e3 Nbd7 8. Bd3 c6 9. Qc2 Bd6 10. O-O Qc7 11.
Bf5 Bxf5 12. Qxf5 O-O 13. Rac1 Rae8 14. Bh4 Ne4 15. Nxd5 Qb8 16. Qxd7 cxd5 17. Bg3 Nxg3 18. hxg3 Rd8 19. Qf5 g6 20. Qd3 Rfe8 21. Rc2 Kg7 22. Rfc1 h5 23. Nd2 Re6 24. Nf3 Rde8 25. Re2 Bxg3 26.
fxg3 Qxg3 27. Rce1 h4 28. Ne5 h3 29. e4 Qxd3 30. Nxd3 Rxe4 31. Rxe4 dxe4 32. Nc5 b6 33. Rxe4 h2+ 34. Kxh2 Rh8+ 35. Kg3 bxc5 36. dxc5 f5 37. Re7+ Kf6 38. Ra7 Rb8 39. Rxa6+ Ke5 40. Rb6 Rc8 41. b4 g5 42. a4 Rd8 43. a5 Rd3+ 44. Kf2 f4 45. a6 Ra3 46. b5 g4 47. Rb8 Ra2+ 48. Ke1 g3 49. a7 Rxa7 50. Re8+ Kd4 51. c6 f3 52. gxf3 Ra1+ 53. Ke2 g2 54. Rg8 g1=Q 55. Rxg1 Rxg1 56. c7 Rg2+ 57. Kf1 Rc2 58. b6 Ke3 59. b7 Rc1+ 60. Kg2 Rc2+ 61. Kg3 Rxc7 62. b8=Q Rg7+ 63. Kh4 Rh7+ 64. Kg4 Rg7+ 65. Kh5 Rg2 66. Qb3+ Kf4 67. Qc4+ Kxf3 68. Qd5+ Kf2 69. Qe4 Kg1 70. Qf3 Rh2+ 71. Kg4 Rg2+ 72. Kh5 Rh2+ 73. Kg6 Rg2+ 74. Kh6 Rh2+ 75. Kg7 Rg2+ 76. Kh7 Rh2+ 77. Kg6 Rg2+ 78. Kh5 1/2-1/2

[Event "*** Titled Tuesday Blitz"]
[Site "Chess.com"]
[Date "2020.12.29"]
[Round "3"]
[White "Zmeeed63"]
[Black "Sadykov_Ramil"]
[Result "0-1"]
[WhiteElo "2329"]
[BlackElo "2537"]
[TimeControl "180+1"]
[EndTime "10:30:18 PST"]
[Termination "Sadykov_Ramil won by resignation"]

1. d4 Nf6 2. c4 c5 3. d5 e6 4. Nc3 exd5 5. cxd5 d6 6. Nf3 g6 7.
Bf4 a6 8. a4 Bg7 9. h3 O-O 10. e3 Qe7 11. Nd2 Nbd7 12. Nc4 Ne8 13. Be2 Rb8 14. a5 Ne5 15. Nxe5 Bxe5 16. Bxe5 Qxe5 17.
O-O b5 18. axb6 Rxb6 19. Qd2 Nc7 20. Ra4 Bd7 21. Re4 Qf6 22. Ra1 Rfb8 23. Ra2 Qd8 24.
Rf4 R8b7 25. Ne4 Bf5 26. Rxf5 gxf5 27. Ng3 Qf6 28. e4 Rxb2 29. Rxb2 Rxb2 30. Qf4 Kf8 31. Nh5 Rb1+ 32. Bf1 Qe5 33. Qh6+ Ke7 34. Qg5+ Kd7 35. Nf6+ Kc8 36. Qg8+ Kb7 37. Nd7 Rxf1+ 38. Kxf1 Qa1+ 39. Ke2 Qb2+ 40. Kf3 fxe4+ 41. Kg3 Ka7 42. Qc8 Qb7 43. Qf8 Nxd5 44. Qxd6 Qc7 45. Qxc7+ Nxc7 46. Nxc5 f5 47. Kf4 Kb6 48. Nb3 Kb5 49. Kxf5 a5 50. Kxe4 a4 51. Nd4+ Kc4 52. Nc2 Kb3 53. Kd3 Kb2 54. Nb4 a3 55. f4 Nd5 56. Nc2 a2 57.
Kd2 Nb4 58. Nxb4 a1=Q 59. Nd3+ Kb1 60. Ke3 Qc3 61. g4 Qc2 62. f5 Qh2 63. Nf4 Qg3+ 64.
Ke4 Qe1+ 65. Kd5 Qe3 66. Ne6 Qxh3 67. Nd4 Qxg4 68. Ke5 Qg3+ 69. Ke6 h5 70. Nc6 Qe3+ 71. Ne5 h4 72. f6 h3 73. f7 Qf4 74. Ng4 Qxg4+ 75.
Ke7 Qf5 0-1

[Event "*** Titled Tuesday Blitz"]
[Site "Chess.com"]
[Date "2020.12.29"]
[Round "3"]
[White "Cambek64"]
[Black "MumLookatMeNow"]
[Result "0-1"]
[WhiteElo "2298"]
[BlackElo "2519"]
[TimeControl "180+1"]
[EndTime "10:30:27 PST"]
[Termination "MumLookatMeNow won on time"]

1. e4 d5 2. d3 Nf6 3. Nc3 c5 4.
exd5 Nxd5 5. Nf3 Nc6 6. Be2 g6 7. O-O Bg7 8. Bd2 O-O 9. Nxd5 Qxd5 10. Bc3 e5 11. Nd2 Be6 12. Bf3 Qd7 13. Ne4 b6 14.
Ng5 Bd5 15. Bxd5 Qxd5 16. Qf3 Qxf3 17. Nxf3 Nd4 18. Nxd4 cxd4 19. Bd2 Rac8 20. Rac1 Rc6 21. Rfd1 Rfc8 22. c4 dxc3 23. Rxc3 Rxc3 24. Bxc3 Kf8 25. Kf1 Ke7 26. Ke2 Ke6 27. f3 b5 28. Rc1 Kd5 29. Bd2 Rxc1 30. Bxc1 a5 31. Bd2 a4 32.
Bc3 Bf8 33. b3 f5 34. bxa4 bxa4 35. Bb2 Bb4 36. Kd1 h5 37. Kc2 g5 38. Kd1 g4 39.
Ke2 Bc5 40. Bc3 Bd4 41. Bb4 Bg1 42. h3 gxh3 43. gxh3 Kd4 44. Ba5 Bh2 45. Bb4 Bf4 46. Ba5 Bc1 47. Bb4 Bh6 48. Ba5 Bg5 49. Bb4 Bc1 50. Ba5 Bb2 51. Kd2 Ba3 52. Bc3+ Kd5 53. Ke2 Bc5 54. Kd2 Bd4 55. Bb4 Ke6 56. Ke2 Bb6 57.
Bc3 Kd5 58. Bb4 Bd8 59. Bc3 Bh4 60. Kd2 Bg5+ 61. Ke2 Be7 62. Bb2 Bb4 63. Kd1 e4 64.
dxe4+ fxe4 65. fxe4+ Kxe4 66. Ke2 Bc5 67. Bc3 Bd4 68. Bd2 Be5 69. Be3 Bf6 70. Bd2 Kd4 71. Kf3 Kd3 72. Ba5 Kc2 73. Kf4 Kb2 74. Kf5 Be7 0-1

[Event "*** Titled Tuesday Blitz"]
[Site "Chess.com"]
[Date "2020.12.29"]
[Round "3"]
[White "jcibarra"]
[Black "Rud_Makarian"]
[Result "0-1"]
[WhiteElo "2864"]
[BlackElo "2688"]
[TimeControl "180+1"]
[EndTime "10:30:29 PST"]
[Termination "Rud_Makarian won by resignation"]

1. Nf3 Nf6 2. g3 b6 3. Bg2 Bb7 4. O-O e6 5. c4 Be7 6. Nc3 O-O 7. Re1 c5 8. e4 d6 9. d4 cxd4 10. Nxd4 a6 11. e5 dxe5 12. Bxb7 Ra7 13. Nc6 Qxd1 14.
Nxe7+ Kh8 15. Rxd1 Rxb7 16. b3 Rxe7 17. Ba3 Nc6 18. Rd6 Rc7 19. Rxc6 Rxc6 20. Bxf8 b5 21. Rd1 bxc4 22. Rd8 cxb3 23. Ne4 b2 24. Ba3+ Ng8 25. Bxb2 f6 26. Nd6 h5 27. Nc8 Rc2 28. Ba3 Kh7 29. Rd7 Nh6 30. Nd6 Rxa2 31. Bc5 Rc2 32.
Ba7 a5 33. Ne8 Nf5 34. Nxf6+ Kg6 35. Ne4 a4 36. Bb6 a3 37. Ra7 a2 38. Kg2 Nd4 39.
Bc5 Nb3 40. Bd6 a1=Q 41. Rxa1 Nxa1 42. Bxe5 Nb3 43. Bf4 Rc4 44. Nd6 Ra4 45. Nb5 Nc5 46.
Nc3 Rc4 47. Ne2 Kf6 48. Be3 g5 49. Kf3 e5 50. h3 Ne6 51. Kg2 Ra4 52. Ng1 e4 53.
Ne2 Kf5 54. Nc3 Rc4 55. Nb5 Ke5 56. Na3 Rc6 57. Nb1 Kd5 58. Nd2 Rc2 59. Nb3 Kc4 60.
Nd2+ Kd3 61. Nb3 Rc3 62. Nc1+ Kc4 63. Ne2 Rc2 64. Kf1 g4 65. hxg4 hxg4 66. Ng1 Nc7 67. Ne2 Nd5 68. Bg5 Ra2 69. Bh6 Ra1+ 70. Kg2 Ra2 71.
Kf1 Nb4 72. Nf4 Nd3 73. Nxd3 exd3 74. Ke1 Ra1+ 75. Kd2 Ra2+ 76. Ke1 Kd4 77. Bg7+ Ke4 78. Bh6 Kf3 79. Be3 Re2+ 80. Kf1 d2 0-1

[Event "*** Titled Tuesday Blitz"]
[Site "Chess.com"]
[Date "2020.12.29"]
[Round "3"]
[White "juancruzarias"]
[Black "ChessQueen"]
[Result "1-0"]
[WhiteElo "2538"]
[BlackElo "2743"]
[TimeControl "180+1"]
[EndTime "10:30:32 PST"]
[Termination "juancruzarias won by checkmate"]

1. e4 c6 2. Nc3 d5 3. Nf3 dxe4 4. Nxe4 Nf6 5. Qe2 Nxe4 6. Qxe4 Nd7 7. Bc4 Nf6 8. Qe2 g6 9. d4 Bg7 10. O-O O-O 11.
h3 Nd5 12. c3 a5 13. a4 Bf5 14. Bg5 Re8 15. Rfe1 h6 16. Bh4 Be6 17. Bg3 Kh7 18.
h4 Qc8 19. h5 Bg4 20. hxg6+ fxg6 21. Bd3 Rf8 22. Qc2 Bf5 23. Nh4 Bxd3 24. Qxd3 Qg4 25. Re4 Qh5 26. Re6 Rf6 27. Rae1 Rxe6 28. Rxe6 Bf6 29.
Nf3 Qf5 30. Qe2 Rf8 31. c4 Nf4 32. Bxf4 Qxf4 33. b3 Qf5 34. Re4 Rf7 35. Qe3 Kg7 36. Qe1 h5 37. Ne5 Bxe5 38. Rxe5 Qf4 39. Rxe7 Qxd4 40. Rxf7+ Kxf7 41. Qxa5 Qf4 42. Qc3 Qd6 43. a5 h4 44. b4 g5 45. b5 Qd1+ 46.
Kh2 Qd6+ 47. Kg1 Qd1+ 48. Kh2 Qd6+ 49. g3 hxg3+ 50. Qxg3 Qh6+ 51. Kg1 cxb5 52. Qc7+ Kg8 53. Qb8+ Kf7 54. Qxb7+ Kg8 55. Qxb5 Qh4 56. Qd5+ Kg7 57. a6 Qg4+ 58. Kf1 Qh3+ 59. Ke2 Qg4+ 60. Kd3 Qd1+ 61. Ke4 Qg4+ 62. Ke5 Qf4+ 63. Ke6 Qf6+ 64. Kd7 Qxa6 65. Qe5+ Kf7 66. Qf5+ Kg7 67. Qxg5+ Kf7 68. Qd5+ Kg7 69. Qe5+ Kf7 70. Qe8+ Kg7 71. Qe7+ Kh8 72. c5 Qb7+ 73. Ke8 Qc6+ 74. Kf7 Qd5+ 75. Kf8 Qf5+ 76. Ke8 Qc8+ 77. Qd8 Qe6+ 78. Kf8 Qf5+ 79. Ke8 Qe6+ 80. Qe7 Qc8+ 81. Kf7 Qh3 82. Qf6+ Kh7 83. Qg7# 1-0

[Event "*** Titled Tuesday Blitz"]
[Site "Chess.com"]
[Date "2020.12.29"]
[Round "3"]
[White "MikeSailer"]
[Black "KarstenHansch"]
[Result "1-0"]
[WhiteElo "2147"]
[BlackElo "2464"]
[TimeControl "180+1"]
[EndTime "10:30:32 PST"]
[Termination "MikeSailer won by resignation"]

1. d4 Nf6 2. Nf3 e6 3. Bf4 d5 4. e3 Bd6 5. Bxd6 Qxd6 6. Nbd2 b6 7. Bd3 Ba6 8. Bxa6 Nxa6 9. O-O c5 10. c3 O-O 11.
Ne5 cxd4 12. exd4 b5 13. a3 Rac8 14. Re1 Nb8 15. Re3 Nc6 16. Rh3 Na5 17. Qc2 g6 18. Re1 Nc4 19. Ndxc4 bxc4 20. Qd2 Rfd8 21. Qg5 Kg7 22. Qh6+ Kg8 23. Rf3 Qe7 24. Qg5 Kg7 25. Ng4 Ng8 26. Qe5+ f6 27. Qxe6 Qxe6 28. Rxe6 f5 29. Ne5 Rb8 30. Ra6 Rxb2 31. Rxa7+ Kf8 32. h4 Ne7 33. h5 Rbb8 34. hxg6 hxg6 35. Rh3 Kg8 36.
Rxe7 Re8 37. Rxe8+ Rxe8 38. Nxg6 Ra8 39. Ne7+ Kf7 40. Nxd5 Rxa3 41. Rf3 Ke6 42. Nf4+ Kf6 43. g3 Kg5 44. Kg2 Kg4 45. Re3 Rb3 46. Nd5 Ra3 47. Nb6 f4 48. gxf4 Kxf4 49. Nxc4 Ra2 50. Nd6 Rc2 51. Ne4 Rc1 52. Ng3 Rd1 53. Ne2+ Kg5 54.
c4 Kf5 55. c5 Rc1 56. Rd3 Rc2 57. Ng3+ Kg4 58. d5 Rxc5 59. d6 Rc8 60. d7 Rd8 61. Ne4 Kf4 62. Nc3 Ke5 63. Rd1 Ke6 64. Na4 Rg8+ 65. Kf1 Ke7 66. d8=Q+ Rxd8 67. Rxd8 Kxd8 68. Kg2 Ke7 69. Kf3 Kf6 70. Kf4 Ke6 71. f3 Kf6 72. Ke4 Ke6 73. f4 Kf6 74. f5 Ke7 75. Ke5 Kf7 76. f6 Kf8 77. Ke6 Ke8 78. f7+ Kf8 79. Nb6 Kg7 80. Ke7 Kh7 81. f8=Q Kg6 82. Qf2 Kg5 83. Ke6 1-0

[Event "*** Titled Tuesday Blitz"]
[Site "Chess.com"]
[Date "2020.12.29"]
[Round "3"]
[White "Brave_spirit12"]
[Black "Logman74"]
[Result "1/2-1/2"]
[WhiteElo "2534"]
[BlackElo "2362"]
[TimeControl "180+1"]
[EndTime "10:30:42 PST"]
[Termination "Game drawn - insufficient material"]

1. e4 c5 2. c3 d5 3. exd5 Qxd5 4. Nf3 Nf6 5. Be2 Nc6 6. O-O e6 7. d4 cxd4 8. Nxd4 Nxd4 9. cxd4 Be7 10. Nc3 Qd8 11.
Bg5 O-O 12. Bf3 h6 13. Bh4 Bd7 14. Bxb7 Rb8 15. Bf3 Rxb2 16. Rb1 Rxb1 17. Qxb1 Qa5 18. Ne4 Nxe4 19. Qxe4 Bxh4 20. Qxh4 Qxa2 21. Qe7 Bb5 22. Rc1 Qd2 23. Qc5 a6 24. h3 Rd8 25. Rd1 Qf4 26.
Qb6 Qd6 27. Qa5 Rc8 28. Qd2 Bc6 29. Be2 Bd5 30. Qa5 Rc2 31. Bd3 Ra2 32. Qc3 g6 33. Qc1 Kg7 34. Qe3 a5 35. h4 h5 36.
Rc1 a4 37. Bb1 Ra3 38. Qd2 Rb3 39. Ba2 Rb5 40. Bxd5 Rxd5 41. Ra1 Rxd4 42. Qb2 e5 43. Qa3 Qxa3 44. Rxa3 Rxh4 45. g3 Rb4 46. Kg2 f5 47.
Kh3 Kf6 48. Rc3 e4 49. Rc6+ Kg5 50. Ra6 Rb2 51. Rxa4 Rxf2 52. Ra6 e3 53. Re6 e2 54. Re8 f4 55. Re5+ Kf6 56. gxf4 Rxf4 57. Rxe2 Kf5 58. Ra2 Rf3+ 59. Kg2 Kg4 60. Ra4+ Rf4 61.
Ra6 g5 62. Ra5 Rb4 63. Ra2 h4 64. Kh2 Kh5 65. Ra5 Rc4 66. Kh3 Rc3+ 67. Kh2 Re3 68. Kg2 Kg6 69. Kf2 Rd3 70. Kg2 g4 71. Rb5 Re3 72.
Kf2 Rf3+ 73. Kg2 Rf5 74. Rb6+ Kg5 75. Rb8 h3+ 76. Kg3 Rf3+ 77. Kh2 Rf2+ 78. Kh1 Rg2 79. Rg8+ Kf4 80. Rf8+ Kg3 81. Rf3+ Kh4 82. Rxh3+ Kg5 83.
Kxg2 gxh3+ 84. Kxh3 1/2-1/2

[Event "*** Titled Tuesday Blitz"]
[Site "Chess.com"]
[Date "2020.12.29"]
[Round "3"]
[White "Hikaru"]
[Black "TheBigBoss04"]
[Result "0-1"]
[WhiteElo "3242"]
[BlackElo "2737"]
[TimeControl "180+1"]
[EndTime "10:30:46 PST"]
[Termination "TheBigBoss04 won by resignation"]

1. Nf3 d5 2. b3 c5 3. e3 Nc6 4. Bb2 Bg4 5. Bb5 Qb6 6. a4 a6 7. a5 Qc7 8. Bxc6+ Qxc6 9. Nc3 e6 10. Na4 Nf6 11. h3 Bh5 12. Nb6 Rd8 13. Ne5 Qc7 14.
g4 Bg6 15. d3 c4 16. bxc4 Bb4+ 17. Kf1 Bxa5 18. Rxa5 Qxb6 19. Qa1 O-O 20. Bd4 Qc7 21. h4 h5 22. g5 Nh7 23. cxd5 exd5 24. Rc5 Qd6 25.
Qc3 Bf5 26. Rg1 Rc8 27. Ke1 b6 28. Rc6 Rxc6 29. Qxc6 Qb4+ 30. Ke2 Rc8 31. Qxd5 Rxc2+ 32. Kf3 Be6 33. Qa8+ Nf8 34. Kg3 Qd2 35. Qf3 Bd5 36. e4 Be6 37. Bxb6 Ng6 38. Nxg6 fxg6 39. Rb1 Bg4 40. Qe3 Qc3 41. Bd4 Qc7+ 42. Qf4 Qd7 43. Rb8+ Rc8 44. Rxc8+ Qxc8 45. Qe5 Qd7 46. f3 Be6 47.
Kf4 Kh7 48. Ke3 Bg8 49. Bc3 Qf7 50. f4 Qd7 51. Kd2 Qb7 52. f5 Qd7 53. f6 Qf7 54. Ke3 a5 55. Qxa5 Qe6 56. Qc7 Bf7 57. fxg7 Qh3+ 58. Kd4 Bg8 59. Qf4 Qh1 60. Ke5 Qd1 61.
Qe3 Qb3 62. Qc5 Qe6+ 63. Kd4 Qd7+ 64. Ke3 Qh3+ 65. Kd2 Qxh4 66. Qe3 Qh2+ 67. Kc1 h4 68. Be5 Qxe5 69. Kd2 Qg3 70. Qxg3 hxg3 71. Ke3 Kxg7 72. Kf3 Be6 73. Kxg3 Kf7 74. Kf4 Ke7 75. Ke5 Bc8 76. d4 Bb7 77. d5 Bc8 78. Kd4 Kd6 79. e5+ Ke7 80. Kc5 Bf5 81. Kd4 Bg4 82. Kc5 Bf3 83. e6 Bg4 84. Kd4 Kd6 85. Ke4 Bh3 86. Kd4 Bg2 87. e7 Kxe7 88. Ke5 Bh3 89. d6+ Kd7 90. Kd5 Bg2+ 91. Ke5 Bf1 92. Kf6 Bd3 93. Ke5 Bf5 94.
Kd5 Be6+ 95. Ke5 Bb3 96. Kf6 Bc2 97. Ke5 Bb1 98. Kd5 Ba2+ 99. Ke5 Bb1 100. Kd5 Bf5 101. Ke5 Kc6 0-1

[Event "*** Titled Tuesday Blitz"]
[Site "Chess.com"]
[Date "2020.12.29"]
[Round "3"]
[White "KononenkoD"]
[Black "swisspower96"]
[Result "0-1"]
[WhiteElo "2465"]
[BlackElo "2666"]
[TimeControl "180+1"]
[EndTime "10:30:48 PST"]
[Termination "swisspower96 won by checkmate"]

1. d4 Nf6 2. c4 e6 3. g3 Bb4+ 4. Bd2 Be7 5. Bg2 d5 6. Nf3 O-O 7. O-O c6 8. Qc2 b6 9. Bf4 Nbd7 10. Nbd2 Bb7 11. Rfd1 Nh5 12. Be3 Nhf6 13. Bg5 h6 14. Bxf6 Nxf6 15. e4 dxe4 16. Nxe4 Qc7 17. Nxf6+ Bxf6 18.
c5 Rfd8 19. b4 Ba6 20. Rac1 Rac8 21. Qe4 Bb5 22. Ne5 Ba4 23. Re1 Bxe5 24. dxe5 Rd2 25. Re2 Rcd8 26. h4 R8d4 27. Qe3 Rxe2 28. Qxd4 Rxe5 29. Qd6 Qxd6 30. cxd6 c5 31. f4 Re2 32. bxc5 bxc5 33. Rxc5 Rd2 34. Ra5 Bd7 35. Rxa7 Rxd6 36. Be4 g6 37. Kf2 Kg7 38. Ke3 Kf6 39. a4 Rd1 40. a5 Bb5 41. Rb7 Re1+ 42. Kf2 Rxe4 43. Rxb5 Ra4 44. Kf3 h5 45. Kg2 Ra3 46. Kh2 Kg7 47.
Kg2 f6 48. Rb7+ Kf8 49. Rb6 Ke7 50. Rb7+ Kd6 51. Rb6+ Kd5 52. Rb5+ Ke4 53. Rb6 Kf5 54. a6 e5 55. fxe5 fxe5 56. Kf2 Ra2+ 57. Ke3 Ra4 58.
Kf2 Ra3 59. Kg2 g5 60. hxg5 Kxg5 61. Kf2 e4 62. Rc6 Kg4 63. Rg6+ Kf5 64. Rb6 Kg5 65. Kg2 Ra2+ 66. Kh3 Kf5 67. Rb5+ Ke6 68. Rb6+ Kd5 69. Rb5+ Kd4 70. Rxh5 e3 71. Rh7 Rxa6 72. Rd7+ Ke5 73. Re7+ Kd4 74. g4 Kd3 75. Kh4 Ra4 76. Kh5 Re4 77.
Rd7+ Kc2 78. Rc7+ Kd2 79. Ra7 e2 80. Ra2+ Kd3 81. Rxe2 Rxe2 82. g5 Ke4 83. Kg6 Ke5 84. Kf7 Rf2+ 85. Kg7 Kf5 86. g6 Rg2 87. Kf7 Rxg6 88.
Kf8 Ra6 89. Kf7 Ra7+ 90. Kg8 Kf6 91. Kh8 Kg6 92. Kg8 Ra8# 0-1

[Event "*** Titled Tuesday Blitz"]
[Site "Chess.com"]
[Date "2020.12.29"]
[Round "3"]
[White "Chessmatus"]
[Black "kuban1991"]
[Result "1/2-1/2"]
[WhiteElo "2448"]
[BlackElo "2760"]
[TimeControl "180+1"]
[EndTime "10:31:24 PST"]
[Termination "Game drawn by stalemate"]

1. e4 e6 2. d4 d5 3. e5 c5 4. c3 Nc6 5. Nf3 Bd7 6. a3 Qb6 7. b4 c4 8. a4 f5 9. Be2 Nh6 10.
Bxh6 gxh6 11. Nbd2 O-O-O 12. Rb1 Rg8 13. g3 Be7 14. Nf1 Rdf8 15. Ne3 f4 16. Ng2 Bg5 17. h4 fxg3 18. hxg5 gxf2+ 19. Kxf2 hxg5 20. Ke1 g4 21.
Nfh4 g3 22. Nf3 Rg7 23. Qd2 Rgf7 24. Rf1 Ne7 25. Ra1 Qd8 26. Kd1 Nf5 27. Kc1 Qe8 28. b5 h5 29. Kb2 Rh7 30. Nfh4 Nxh4 31. Nxh4 Rg8 32. Rf4 Bxb5 33. axb5 Qxb5+ 34. Kc1 g2 35. Nxg2 Rxg2 36. Rf8+ Kc7 37. Rb1 Qa4 38. Rf1 Qa3+ 39. Qb2 Qxb2+ 40. Rxb2 h4 41. Bf3 Rg3 42. Rbf2 h3 43.
Kd2 b5 44. Ke2 a5 45. Rb1 Kb6 46. Bh1 Rxc3 47. Rf6 Re7 48. Bxd5 b4 49. Bxe6 Kb5 50. d5 Rc2+ 51. Ke3 h2 52. d6 Rh7 53. Rh1 b3 54. d7 Rc3+ 55. Ke4 Rd3 56. Rf4 b2 57. Kf5 Rdxd7 58.
Bxc4+ Kc5 59. e6 Rd4 60. Rxd4 Kxd4 61. Ba2 Kc5 62. Kf6 Kd6 63. Rd1+ Kc5 64. e7 Rh6+ 65.
Kg7 h1=Q 66. Rxh1 Rxh1 67. e8=Q Rg1+ 68. Kh7 Rh1+ 69. Kg6 b1=Q+ 70. Bxb1 Rxb1 71. Qe5+ Kb6 72. Qd6+ Ka7 73. Qd4+ Rb6+ 74. Kf7 Ka6 75. Ke7 Rb4 76. Qc5 Rb5 77. Qc6+ Rb6 78. Qc4+ Ka7 79. Kd7 Rb7+ 80. Kc6 Rb6+ 81. Kc5 Rb7 82. Qe6 Rc7+ 83. Kb5 Kb7 84. Kxa5 Ka7 85. Qb6+ Ka8 86. Qh6 Ka7 87. Qf8 Rb7 88.
Qc8 Rb5+ 89. Ka4 Rb8 90. Qc5+ Ka6 91. Qa5+ Kb7 92. Qd5+ Ka7 93. Ka5 Rb7 94. Qd6 Rb8 95. Qc7+ Rb7 96. Qc6 Kb8 97. Ka6 Ra7+ 98. Kb6 Ra6+ 99.
Kxa6 1/2-1/2

[Event "*** Titled Tuesday Blitz"]
[Site "Chess.com"]
[Date "2020.12.29"]
[Round "4"]
[White "Nuvas"]
[Black "anon102030"]
[Result "0-1"]
[WhiteElo "2497"]
[BlackElo "2708"]
[TimeControl "180+1"]
[EndTime "10:32:47 PST"]
[Termination "anon102030 won by resignation"]

1. d4 Nf6 2. c4 e5 3. dxe5 Ng4 4. Nf3 Nc6 5. Bf4 Bb4+ 6. Nc3 Qe7 7. Qd5 Bxc3+ 8.
bxc3 Qa3 9. Rc1 f6 10. exf6 Nxf6 11. Qd1 d6 12. e3 Bf5 13. Bd3 Bxd3 0-1

[Event "*** Titled Tuesday Blitz"]
[Site "Chess.com"]
[Date "2020.12.29"]
[Round "4"]
[White "TregubovP"]
[Black "seorobert1971"]
[Result "1-0"]
[WhiteElo "2594"]
[BlackElo "2749"]
[TimeControl "180+1"]
[EndTime "10:33:00 PST"]
[Termination "TregubovP won by resignation"]

1. e4 c6 2. Nf3 d5 3. Nc3 Nf6 4. e5 Ne4 5. Ne2 Bg4 6. Ng3 Ng5 7. Be2 Nxf3+ 8. Bxf3 Bxf3 9. Qxf3 e6 10. O-O Nd7 11. d4 Be7 12. Nh5 g6 13. Ng7+ 1-0

[Event "*** Titled Tuesday Blitz"]
[Site "Chess.com"]
[Date "2020.12.29"]
[Round "4"]
[White "ShapkinAnatoliy"]
[Black "AniJak"]
[Result "1-0"]
[WhiteElo "2709"]
[BlackElo "2356"]
[TimeControl "180+1"]
[EndTime "10:34:21 PST"]
[Termination "ShapkinAnatoliy won by resignation"]

1. d4 Nf6 2. c4 c6 3. Nc3 d5 4.
cxd5 cxd5 5. Nf3 Nc6 6. Bf4 a6 7. e3 e6 8. Bd3 Be7 9. h3 O-O 10. O-O b5 11. a4 b4 12. Nb1 Bd7 13. Nbd2 Na5 14. Qe2 Qb6 15. Rfc1 Ne4 16. Bc7 Qb7 17. Bxa5 Nxd2 18. Nxd2 f5 19. Rc7 1-0

[Event "*** Titled Tuesday Blitz"]
[Site "Chess.com"]
[Date "2020.12.29"]
[Round "4"]
[White "Eternauta2400"]
[Black "BAS8892"]
[Result "0-1"]
[WhiteElo "2428"]
[BlackElo "2637"]
[TimeControl "180+1"]
[EndTime "10:34:32 PST"]
[Termination "BAS8892 won by resignation"]

1. d4 d5 2. c4 c6 3. cxd5 cxd5 4. Nc3 Nc6 5. Bf4 Nf6 6. e3 Bg4 7. Qb3 Na5 8. Qa4+ Bd7 9. Qc2 Rc8 10. Nf3 e6 11. Bd3 a6 12. O-O Be7 13. Rac1 O-O 14. Qb1 b5 15. Ne2 h6 16. Rxc8 Qxc8 17. Rc1 Qa8 18.
Ne5 Rc8 19. f3 Be8 20. Bg3 Nc4 21. Kf2 a5 22. b3 Nxe5 23. Rxc8 Nxd3+ 0-1

[Event "*** Titled Tuesday Blitz"]
[Site "Chess.com"]
[Date "2020.12.29"]
[Round "4"]
[White "dozer80"]
[Black "Deepweb2020"]
[Result "1-0"]
[WhiteElo "2614"]
[BlackElo "2361"]
[TimeControl "180+1"]
[EndTime "10:34:38 PST"]
[Termination "dozer80 won by resignation"]

1. e4 e5 2. Nf3 Nc6 3. Bb5 a6 4. Ba4 Nf6 5. O-O b5 6. Bb3 Bc5 7. a4 Rb8 8. c3 d6 9. d4 Bb6 10.
axb5 axb5 11. Na3 O-O 12. Nxb5 Bg4 13. Be3 Ne7 14. dxe5 Bxe3 15. exf6 Bxf2+ 16. Rxf2 gxf6 17. Nbd4 Ng6 18. h3 Bd7 19. Nf5 Qe7 20. Nxe7+ 1-0

[Event "*** Titled Tuesday Blitz"]
[Site "Chess.com"]
[Date "2020.12.29"]
[Round "4"]
[White "Jadeit90"]
[Black "paulrusan"]
[Result "0-1"]
[WhiteElo "2343"]
[BlackElo "2239"]
[TimeControl "180+1"]
[EndTime "10:34:38 PST"]
[Termination "paulrusan won by resignation"]

1. g3 c5 2. Bg2 Nc6 3. c3 Nf6 4.
Nf3 g6 5. d4 d5 6. O-O Bg7 7. Ne5 Qb6 8. Nxc6 bxc6 9. Nd2 cxd4 10. cxd4 Qxd4 11. Qc2 Bd7 12. Nf3 Qb6 13. Be3 Qa6 14.
Ne5 O-O 15. Nxd7 Nxd7 16. Rfc1 Rfc8 17. a3 e6 18. Rab1 c5 19. Bd2 Qxe2 20. Re1 Qh5 21.
h4 c4 22. Bf4 Nc5 23. Rbd1 Nd3 24. Rxd3 cxd3 25. Qxd3 Qf5 0-1

[Event "*** Titled Tuesday Blitz"]
[Site "Chess.com"]
[Date "2020.12.29"]
[Round "4"]
[White "MumLookatMeNow"]
[Black "Rsnr"]
[Result "0-1"]
[WhiteElo "2516"]
[BlackElo "2797"]
[TimeControl "180+1"]
[EndTime "10:35:03 PST"]
[Termination "Rsnr won by resignation"]

1. e4 c6 2. d4 d5 3. e5 Bf5 4. h4 h5 5. Bg5 Qb6 6. Bd3 Qxd4 7. Nf3 Qg4 8. Bxf5 Qxf5 9. O-O f6 10. c4 fxg5 11.
c5 g4 12. Nd4 Qg6 13. e6 Na6 14. b4 Nc7 15. Re1 Nh6 16. Re5 Qf6 17. Qe2 g6 0-1

[Event "*** Titled Tuesday Blitz"]
[Site "Chess.com"]
[Date "2020.12.29"]
[Round "4"]
[White "pichonazo"]
[Black "Logman74"]
[Result "0-1"]
[WhiteElo "2497"]
[BlackElo "2373"]
[TimeControl "180+1"]
[EndTime "10:35:22 PST"]
[Termination "Logman74 won by resignation"]

1. e4 c5 2. c3 d5 3. exd5 Qxd5 4. d4 Nf6 5. Nf3 Nc6 6. Be3 cxd4 7. Nxd4 Nxd4 8. Qxd4 Qxd4 9. Bxd4 e6 10. Nd2 Bd6 11. Nc4 Bc7 12. Ke2 O-O 13. f3 Nd5 14. Kf2 Bd7 15. Be5 Bd8 16. Bd3 f6 17. Bd6 Re8 18. Rad1 b5 19. Nd2 Bb6+ 20. Kg3 Ne3 21. Rde1 Rad8 22. Bf4 Nd5 23. Nb3 Nxf4 24. Kxf4 Bf2 25. Kg4 e5+ 26. Bf5 h5+ 0-1

[Event "*** Titled Tuesday Blitz"]
[Site "Chess.com"]
[Date "2020.12.29"]
[Round "4"]
[White "BulletMercenary"]
[Black "Agibileg"]
[Result "1/2-1/2"]
[WhiteElo "2348"]
[BlackElo "2525"]
[TimeControl "180+1"]
[EndTime "10:35:30 PST"]
[Termination "Game drawn by repetition"]

1. e4 c5 2. d4 cxd4 3. c3 dxc3 4. Nxc3 g6 5. Qd4 Nf6 6. e5 Nc6 7. Qf4 Nh5 8. Qe4 d6 9. g4 Ng7 10. exd6 Qxd6 11. Nb5 Qd8 12. Bf4 Ne6 13. Rd1 Qa5+ 14. Bd2 Qb6 15. Be3 Qa5+ 16. Bd2 Qb6 17. Be3 Qa5+ 18.
Bd2 1/2-1/2

[Event "*** Titled Tuesday Blitz"]
[Site "Chess.com"]
[Date "2020.12.29"]
[Round "4"]
[White "bylavochka"]
[Black "lamomiablanca"]
[Result "0-1"]
[WhiteElo "2133"]
[BlackElo "2306"]
[TimeControl "180+1"]
[EndTime "10:35:33 PST"]
[Termination "lamomiablanca won by resignation"]

1. e4 c5 2. Nf3 Nc6 3. d4 cxd4 4. Nxd4 g6 5. c4 Nf6 6. Nc3 d6 7. f3 Nxd4 8. Qxd4 Bg7 9. Bg5 O-O 10. Qe3 Qa5 11. Rc1 Be6 12. Be2 Rfc8 13. b3 b5 14. Qd2 bxc4 15. Nd5 Qxd2+ 16. Kxd2 Bxd5 17. exd5 cxb3 18. Bxf6 Bxf6 19. axb3 Bg5+ 0-1

[Event "*** Titled Tuesday Blitz"]
[Site "Chess.com"]
[Date "2020.12.29"]
[Round "4"]
[White "vladjianu"]
[Black "Pertinhez76"]
[Result "1-0"]
[WhiteElo "2577"]
[BlackElo "2122"]
[TimeControl "180+1"]
[EndTime "10:35:40 PST"]
[Termination "vladjianu won by resignation"]

1. d4 Nf6 2. Nf3 d6 3. g3 g6 4.
Bg2 Bg7 5. O-O O-O 6. b3 c5 7. Bb2 Na6 8. c4 Rb8 9. Nc3 Bf5 10. Rc1 Qd7 11. Qd2 Ne4 12. Nxe4 Bxe4 13. Rfd1 cxd4 14. Bxd4 Nc5 15. Bxc5 1-0